 Dungeon Crawl Stone Soup version 0.31-a0-167-g1c394c0614 (webtiles) character file.

Game seed: 12072009193245436294

191 lunkers the Basher (level 6, -1/17 (48) HPs)
             Began as a Meteoran Reaver on June 14, 2023.
             Was an Initiate of Ru.
             Slain by Pikel
             ... wielding a +2 whip of freezing
              (2 damage)
             ... on level 5 of the Dungeon.
             The game lasted 00:03:17 (1755 turns).

lunkers the Basher (Meteoran Reaver)                Turns: 1755, Time: 00:03:17

HP:   -1/17 (48)    AC:  6    Str: 16    XL:     6   Next: 22%
MP:   7/11          EV: 12    Int: 15    God:    Ru [......]
Gold: 133           SH:  0    Dex: 12    Spells: 9/10 levels left

rFire   + . .        a - +0 mace
rCold   . . .        (no shield)
rNeg    + . .        g - +3 leather armour
rPois   .            (no helmet)
rElec   .            (no cloak)
rCorr   .            (no gloves)
SInv    .            (no boots)
Will    .....        j - amulet of the acrobat
Stlth   +            e - ring of protection from fire
HPRegen 0.22/turn    l - ring of positive energy
MPRegen 0.12/turn

%: acrobat
@: glowing, extremely drained
A: sense surroundings 1, otherworldly, glowing, explore regen
a: Renounce Religion


You were on level 5 of the Dungeon.
You worshipped Ru.
Ru was noncommittal.
You visited 1 branch of the dungeon, and saw 5 of its levels.

You collected 133 gold pieces.

Inventory:

Hand Weapons
 a - a +0 mace (weapon)
Armour
 b - a +0 leather armour
 g - a +3 leather armour (worn)
Jewellery
 e - a ring of protection from fire (left hand)
 j - an amulet of the acrobat (around neck)
 l - a ring of positive energy (right hand)
Scrolls
 d - 2 scrolls of identify {unknown}
 f - a scroll of acquirement {unknown}
 i - 2 scrolls of fog {unknown}
 m - a scroll of teleportation {unknown}
 n - a scroll of poison {unknown}
Potions
 c - a potion of mutation {unknown}
 h - a potion of might {unknown}
 k - 4 potions of curing {unknown}
 o - a potion of ambrosia {unknown}


   Skills:
 - Level 2.1 Fighting
 * Level 8.2 Maces & Flails
 - Level 2.4 Dodging
 - Level 2.6 Spellcasting
 - Level 3.6 Conjurations


You had 9 spell levels left.
You knew the following spells:

 Your Spells              Type           Power      Damage    Failure   Level
p - Kiss of Death         Conj/Necr      28%        2d7       12%         1

Your spell library contained the following spells:

 Spells                   Type           Power      Damage    Failure   Level
 Foxfire                  Conj/Fire      28%        2x1d5     12%         1
 Momentum Strike          Conj/Tloc      14%        3d8       19%         2
 Poisonous Vapours        Pois/Air       4%         N/A       36%         2
 Hailstorm                Conj/Ice       7%         3d4       36%         3
 Mephitic Cloud           Conj/Pois/Air  5%         N/A       43%         3
 Fireball                 Conj/Fire      3%         3d4       98%         5
 Freezing Cloud           Conj/Ice/Air   2%         6-21      99%         5
 Plasma Beam              Fire/Air       1%         2x1d11    100%        6
 Starburst                Conj/Fire      3%         6d3       100%        6


Dungeon Overview and Level Annotations

Branches:
Dungeon (5/15) Zot: 1975
 Temple: D:4-7

Altars:
Elyvilon
Nemelex Xobeh
Ru
Wu Jian

Shops:
D:3 *   D:4 ?

Annotations:
D:5 Pikel


Innate Abilities, Weirdness & Mutations

You passively map a small area around you.
You are easily found by Zot.
You glow in the dark.
You regain HP and MP as you explore.


Message History

Pikel freezes you.
* * * LOW HITPOINT WARNING * * *
The lemure hits you!
* * * LOW HITPOINT WARNING * * *
Casting: Kiss of Death (safe; 12% risk of failure)
Confirm with . or Enter, or press ? or * to list all spells.
Aiming: Kiss of Death (safe; 12% risk of failure)
Press: ? - help, Shift-Dir - straight line, f/p - Pikel
Aim: Pikel, wielding a +2 whip of freezing and wearing a +2 robe of willpower (lightly wounded, lightly drained, 100% to hit)
The negative energy hits Pikel.
Pikel is drained!
Pikel is moderately wounded.
You feel drained. Pikel misses you. The lemure misses you.
Unknown command.
Casting: Kiss of Death (safe; 12% risk of failure)
Confirm with . or Enter, or press ? or * to list all spells.
Aiming: Kiss of Death (safe; 12% risk of failure)
Press: ? - help, Shift-Dir - straight line, f/p - Pikel
Aim: Pikel, wielding a +2 whip of freezing and wearing a +2 robe of willpower (moderately wounded, lightly drained, 100% to hit)
The negative energy hits Pikel.
Pikel is drained!
Pikel is heavily wounded.
You feel drained.
Pikel hits you with a +2 whip of freezing!
* * * LOW HITPOINT WARNING * * *
Pikel freezes you.
* * * LOW HITPOINT WARNING * * *
The lemure barely misses you.
Unknown command.
Casting: Kiss of Death (safe; 12% risk of failure)
Confirm with . or Enter, or press ? or * to list all spells.
Aiming: Kiss of Death (safe; 12% risk of failure)
Press: ? - help, Shift-Dir - straight line, f/p - Pikel
Aim: Pikel, wielding a +2 whip of freezing and wearing a +2 robe of willpower (moderately wounded, heavily drained, 100% to hit)
The negative energy hits Pikel but does no damage.
Pikel is drained!
Pikel is heavily wounded.
You feel drained.
Pikel hits you with a +2 whip of freezing.
* * * LOW HITPOINT WARNING * * *
Pikel freezes you.
You die...

#.........#, , ........
,,
#...##...#######.)..K.
,,,,
#...##...##...##....#
#...#..>......##....#*
,
,*#...##..............#
, #...##.......[...5..#
....############....# *
, #....
#.K.##...##....+ ,
#5@............# , ,
*#..............#,
#..............# , ,
#######+###....#,
###### , , ,, , , , ,
,, , , , , ,


You could see Pikel (very drained) and a lemure.

Vanquished Creatures
  3 hounds
  4 adders
  A worm (D:4)
  A dart slug (D:1)
  An orc (D:3)
  7 bats
  3 endoplasms
  3 giant cockroaches
  6 goblins
  8 hobgoblins
  2 jackals (D:4)
  4 kobolds
  A quokka (D:1)
  8 ball pythons
  3 frilled lizards (D:1)
  5 rats
60 creatures vanquished.

Notes
Turn   | Place    | Note
-------+----------+-------------------------------------------
     0 | D:1      | lunkers the Meteoran Reaver began the quest for the Orb.
     0 | D:1      | Reached XP level 1. HP: 17/17 MP: 5/5
    56 | D:1      | Reached XP level 2. HP: 23/24 MP: 6/6
   137 | D:1      | Reached skill level 5 in Maces & Flails
   178 | D:1      | Reached XP level 3. HP: 26/29 MP: 8/8
   616 | D:1      | Glimpsed the power of Zot.
   679 | D:2      | You fall into a shaft and drop 2 floors!
   701 | D:4      | Found an ornate altar of the Wu Jian Council.
   820 | D:4      | Reached XP level 4. HP: 29/36 MP: 9/9
   868 | D:4      | Reached skill level 6 in Maces & Flails
   870 | D:4      | Found a white marble altar of Elyvilon.
   905 | D:4      | Found a sacrificial altar of Ru.
   928 | D:4      | Became a worshipper of Ru the Awakened
  1161 | D:3      | Found a sparkling altar of Nemelex Xobeh.
  1228 | D:3      | Found Xoickipn's Assorted Antiques.
  1419 | D:3      | Reached XP level 5. HP: 41/41 MP: 10/10
  1580 | D:4      | Reached skill level 7 in Maces & Flails
  1629 | D:4      | Found Arimp's Magic Scroll Shoppe.
  1679 | D:5      | Entered Level 5 of the Dungeon
  1711 | D:5      | Reached XP level 6. HP: 48/48 MP: 11/11
  1732 | D:5      | Noticed Pikel
  1750 | D:5      | Reached skill level 8 in Maces & Flails
  1755 | D:5      | Slain by Pikel

Illustrated notes

Levels and vault maps discovered:
D:1:      tarquinn_simple_flora_water_b, layout_basic,
          dilly_ecumenical_altar_fadedgnrine
D:2:      layout_basic, kennysheep_generic_room_15
D:3:      layout_basic, nemelex_spade_bored_becter,
          lemuel_coloured_pillars_altar, serial_shops, nicolae_shop_tiny_glass,
          solitary_fountain
D:4:      layout_loops_ring, kennysheep_little_box, old_standard_altar,
          old_standard_altar, serial_shops, shop, serial_bayou_pond_d
D:5:      layout_gridville, amcnicky_altar_gilded, mainiacjoe_overflow_brackets,
          uniq_pikel

Skill      XL: |  1  2  3  4  5  6 |
---------------+-------------------+-----
Maces & Flails | 5 6 7 8 |  8.2
Fighting       | |  2.1
Dodging        | |  2.4
Spellcasting   | |  2.6
Conjurations   | |  3.6

Action                     |  1- 3 |  4- 6 || total
---------------------------+-------+-------++-------
  Melee: Mace              |    85 |   118 ||   203
         Punch             |       |     1 ||     1
   Cast: Kiss of Death     |       |     4 ||     4
 Armour: Leather armour    |    41 |    72 ||   113
  Dodge: Dodged            |    43 |    86 ||   129

Table legend: (Time is in decaauts)
 A = Elapsed time spent in this place.
 B = Non-inter-level travel time spent in this place.
 C = Inter-level travel time spent in this place.
 D = Time resting spent in this place.
 E = Time spent auto-exploring this place.
 F = Levels seen in this place.
 G = Mean time per level.
                   A        B        C        D        E       F      G
               +--------+--------+--------+--------+--------+-----+--------+
         Total |   1773 |   1585 |    188 |      0 |   1122 |   5 |  354.6 |
       Dungeon |   1773 |   1585 |    188 |      0 |   1122 |   5 |  354.6 |
               +--------+--------+--------+--------+--------+-----+--------+

Top non-repeatable levels by time:
     D:1: 635 daAuts
     D:4: 532 daAuts
     D:3: 477 daAuts
     D:5: 75 daAuts
     D:2: 52 daAuts
